 Dungeon Crawl Stone Soup version 0.24.0-1-gfbc8707 (webtiles) character file.

Game seed: 10097435274584694419, levelgen mode: deterministic

6666 Illumine the Blocker (level 11, -6/87 HPs)
             Began as a Gnoll Fighter on Nov 11, 2019.
             Was a Follower of Okawaru.
             Mangled by a troll (7 damage)
             ... on level 10 of the Dungeon.
             The game lasted 00:15:20 (9504 turns).

Illumine the Blocker (Gnoll Fighter)                Turns: 9504, Time: 00:15:20

Health: -6/87      AC: 17    Str: 24    XL:     11   Next: 3%
Magic:  19/19      EV:  9    Int: 14    God:    Okawaru [*.....]
Gold:   614        SH: 11    Dex: 11    Spells: 21/21 levels left

rFire    + . .     SeeInvis .   T - +3 hand axe of Makhleb's Hope {elec, +Rage rC+ Int+4 Dex-5}
rCold    + . .     Gourm    .   c - +0 shield
rNeg     . . .     Faith    .   u - +1 chain mail {rF+}
rPois    .         Spirit   .   B - +0 helmet
rElec    .         Reflect  .   M - +0 cloak
rCorr    .         Harm     .   P - +0 pair of gloves
MR       +....                  w - +0 pair of boots
Stlth    ..........             (no amulet)
HPRegen  0.24/turn              m - +3 ring of strength
MPRegen  0.16/turn              J - ring of protection from magic

@: lethally poisoned (-6 -> -6)
A: distributed training, fangs 1, strong nose
a: Heroism, Renounce Religion, Evoke Berserk Rage


You were on level 10 of the Dungeon.
You worshipped Okawaru.
Okawaru was aware of your devotion.
You were not hungry.

You visited 2 branches of the dungeon, and saw 11 of its levels.
You also visited: Ossuary.

You collected 614 gold pieces.

Inventory:

Hand Weapons
 a - a +0 long sword
 d - a +0 vampiric rapier
 y - a +2 war axe of flaming
 T - the +3 hand axe of Makhleb's Hope (weapon) {elec, +Rage rC+ Int+4 Dex-5}
   (You found it on level 9 of the Dungeon)

   Occasionally, upon striking a foe, it will discharge some electrical energy
   and cause terrible harm.
   It affects your intelligence (+4).
   It affects your dexterity (-5).
   It protects you from cold.
   It lets you go berserk.
Missiles
 v - 23 poisoned darts (quivered)
 Q - 6 atropa-tipped darts
Armour
 c - a +0 shield (worn)
 u - a +1 chain mail of fire resistance (worn)
 w - a +0 pair of boots (worn)
 B - a +0 helmet (worn)
 M - a +0 cloak (worn)
 P - a +0 pair of gloves (worn)
Magical Staves
 K - an uncursed staff of energy
Jewellery
 m - a +3 ring of strength (left hand)
 A - an uncursed amulet of rage
 J - a ring of protection from magic (right hand)
 O - an uncursed amulet of the gourmand
 S - a +3 ring of intelligence
Wands
 b - a wand of disintegration (17)
Scrolls
 e - 2 scrolls of identify
 h - 4 scrolls of immolation
 i - 8 scrolls of remove curse
 k - 2 scrolls of teleportation {unknown}
 n - 2 scrolls of enchant armour {unknown}
 o - 3 scrolls of fear {unknown}
 q - 3 scrolls of enchant weapon {unknown}
 t - 5 scrolls of amnesia {unknown}
 x - 2 scrolls of fog {unknown}
 C - 3 scrolls of magic mapping {unknown}
 F - 2 scrolls of torment {unknown}
 I - 2 scrolls of noise {unknown}
 R - a scroll of silence {unknown}
Potions
 g - a potion of berserk rage
 j - 7 potions of heal wounds
 l - 3 potions of brilliance
 p - 4 potions of curing
 r - 5 potions of agility
 s - a potion of invisibility
 z - 2 potions of ambrosia
 D - 3 potions of flight
 E - 3 potions of mutation
 G - a potion of magic
 H - a potion of degeneration {unknown}
 L - 2 potions of might
 N - 2 potions of cancellation {unknown}
 V - a potion of lignification {unknown}
Comestibles
 f - 21 rations
 U - 3 chunks of flesh


   Skills:
 + Level 8.8 Fighting
 + Level 5.7 Short Blades
 + Level 7.4 Long Blades
 + Level 5.7 Axes
 + Level 5.7 Maces & Flails
 + Level 5.7 Polearms
 + Level 5.7 Staves
 + Level 5.7 Slings
 + Level 5.7 Bows
 + Level 5.7 Crossbows
 + Level 5.7 Throwing
 + Level 8.8 Armour
 + Level 5.7 Dodging
 + Level 5.7 Stealth
 + Level 8.8 Shields
 + Level 5.7 Unarmed Combat
 + Level 5.7 Spellcasting
 + Level 4.7 Conjurations
 + Level 4.7 Hexes
 + Level 4.7 Charms
 + Level 4.7 Summonings
 + Level 4.7 Necromancy
 + Level 4.7 Translocations
 + Level 4.7 Transmutations
 + Level 4.7 Fire Magic
 + Level 4.7 Ice Magic
 + Level 4.7 Air Magic
 + Level 4.7 Earth Magic
 + Level 4.7 Poison Magic
 + Level 6.3 Invocations
 + Level 5.7 Evocations


You had 21 spell levels left.
You didn't know any spells.
Your spell library contained the following spells:

 Spells                   Type           Power        Failure   Level  Hunger
 Sandblast                Erth           ###...       28%         1    None
 Summon Small Mammal      Summ           ###.         28%         1    None
 Call Imp                 Summ           ###.....     41%         2    #......
 Passwall                 Tmut/Erth      ###.....     41%         2    #......
 Call Canine Familiar     Summ           ###.....     65%         3    ###....
 Stone Arrow              Conj/Erth      ###...       65%         3    ###....
 Summon Guardian Golem    Hex/Summ       ###.....     65%         3    ###....
 Petrify                  Tmut/Erth      ###.....     96%         4    ####...
 Summon Ice Beast         Ice/Summ       ###.....     96%         4    ####...
 Summon Lightning Spire   Summ/Air       ###.....     96%         4    ####...
 Lee's Rapid Deconstruct  Erth           ###.......   100%        5    ######.


Dungeon Overview and Level Annotations

Branches:
Dungeon (10/15)            Temple (1/1) D:7            Lair (0/6) D:10
Ossuary (visited)
    Orc: D:9-12

Altars:
Ashenzari
Cheibriados
Dithmenos
Elyvilon
Fedhas
Gozag
Hepliaklqana
Kikubaaqudgha
Nemelex Xobeh
Okawaru
Qazlal
Ru
Sif Muna
Trog
Uskayaw
Wu Jian
Xom
Yredelemnul
Zin
The Shining One

Shops:
D:6 =??![

Annotations:
D:2 Robin


Innate Abilities, Weirdness & Mutations

Your experience applies equally to all skills.
You have very sharp teeth.
Your uncanny sense of smell can sniff out nearby items.


Message History

You block the troll's attack. The troll closely misses you.
You hit the troll but do no damage. Your bite misses the troll.
The troll is lightly wounded.
The troll bites you but does no damage. The troll claws you.
* * * LOW HITPOINT WARNING * * *
The troll claws you.
* * * LOW HITPOINT WARNING * * *
You hit the troll. You bite the troll.
The troll is moderately wounded.
The troll closely misses you.
The troll claws you but does no damage. x2
You hit the troll. Lightning courses through the troll!
The troll is almost dead.
You feel sick. The troll bites you!
* * * LOW HITPOINT WARNING * * *
The troll claws you.
* * * LOW HITPOINT WARNING * * *
The troll claws you.
* * * LOW HITPOINT WARNING * * *
You block the troll's attack. The troll claws you!
You die...

############.#### #####'###
...##...#.....#(# ###........
...##.# #.#.#.#.# #.'........
...#..# #.#.#.(.# ##.#........
......###.#.###†# #..#........
....#.#...#)#..(# #.##........
....#.#.###.###)# ####.##.))))...
...##.#.#.#...#T###....####)#####
...##.#.#.###.#.@...#### #.#
...##.........#.##### #.#####
########.######## #.....# #..#
#####.# ##'####### ##########'#
#### #........# #...........
...### #........### #...........
...'.###........'.####...........
...#..##.<......#....'.....>.....


You could see a troll.

Vanquished Creatures
  A merfolk (D:10)
  Grinder (D:6)
  5 yaks (D:10)
  Eustachio (D:6)
  A human (D:10)
  A steam dragon (D:8)
  3 soldier ants (D:10)
  A water moccasin (D:8)
  2 porcupines (D:10)
  Duvessa (D:4)
  3 orc warriors
  2 black bears (D:7)
  An ice beast (D:8)
  A sky beast (D:5)
  A necrophage (D:10)
  A phantom (D:5)
  4 centaurs
  6 ogres
  2 crocodiles (D:10)
  3 elf zombies (Ossuary)
  4 bullfrogs
  Blork the orc (D:4)
  Dowan (D:4)
  4 killer bees (D:9)
  7 wights
  2 howler monkeys
  2 crimson imps
  2 bullfrog zombies
  2 centaur zombies (Ossuary)
  A centaur skeleton (D:9)
  4 hounds
  7 human zombies (Ossuary)
  3 bullfrog skeletons
  3 orc priests
  2 iguanas
  A jelly (D:7)
  8 orc wizards
  3 worker ants
  A hound zombie (D:10)
  2 hound skeletons (D:5)
  3 mummies (Ossuary)
  6 gnolls
  2 worker ant zombies
  11 adders
  2 oozes
  An adder skeleton (D:5)
  2 worms
  2 dart slugs (D:1)
  3 leopard geckos
  38 orcs
  5 bats
  6 giant cockroaches
  13 goblins
  7 hobgoblins
  4 jackals
  7 kobolds
  3 quokkas
  A ball python (D:3)
  4 frilled lizards
  A leopard gecko skeleton (D:4)
  5 rats
227 creatures vanquished.

Vanquished Creatures (others)
  5 bushes (D:10)
  2 fungi (D:10)
  15 plants (D:10)
22 creatures vanquished.

Grand Total: 249 creatures vanquished

Notes
Turn   | Place    | Note
-------+----------+-------------------------------------------
     0 | D:1      | Illumine the Gnoll Fighter began the quest for the Orb.
     0 | D:1      | Reached XP level 1. HP: 23/23 MP: 1/1
   150 | D:1      | Reached XP level 2. HP: 29/29 MP: 2/2
   192 | D:1      | Found a basalt altar of Yredelemnul.
   208 | D:1      | Reached XP level 3. HP: 35/35 MP: 3/3
   616 | D:2      | Reached skill level 1 in Invocations
   622 | D:2      | Reached skill level 1 in Short Blades
   622 | D:2      | Reached skill level 1 in Axes
   622 | D:2      | Reached skill level 1 in Maces & Flails
   622 | D:2      | Reached skill level 1 in Polearms
   622 | D:2      | Reached skill level 1 in Staves
   622 | D:2      | Reached skill level 1 in Slings
   622 | D:2      | Reached skill level 1 in Bows
   622 | D:2      | Reached skill level 1 in Crossbows
   622 | D:2      | Reached skill level 1 in Throwing
   622 | D:2      | Reached skill level 1 in Dodging
   622 | D:2      | Reached skill level 1 in Stealth
   622 | D:2      | Reached skill level 1 in Unarmed Combat
   622 | D:2      | Reached skill level 1 in Spellcasting
   622 | D:2      | Reached skill level 1 in Evocations
   622 | D:2      | Reached XP level 4. HP: 34/41 MP: 5/5
   781 | D:2      | Found a shimmering blue altar of Sif Muna.
   811 | D:2      | Noticed Robin
   849 | D:3      | Reached skill level 1 in Conjurations
   849 | D:3      | Reached skill level 1 in Hexes
   849 | D:3      | Reached skill level 1 in Charms
   849 | D:3      | Reached skill level 1 in Summonings
   849 | D:3      | Reached skill level 1 in Necromancy
   849 | D:3      | Reached skill level 1 in Translocations
   849 | D:3      | Reached skill level 1 in Transmutations
   849 | D:3      | Reached skill level 1 in Fire Magic
   849 | D:3      | Reached skill level 1 in Ice Magic
   849 | D:3      | Reached skill level 1 in Air Magic
   849 | D:3      | Reached skill level 1 in Earth Magic
   849 | D:3      | Reached skill level 1 in Poison Magic
  1042 | D:3      | Reached XP level 5. HP: 37/47 MP: 6/6
  1210 | D:3      | Found an opulent altar of Gozag.
  1299 | D:4      | Reached XP level 6. HP: 46/53 MP: 8/8
  1548 | D:4      | Found a hazy altar of Hepliaklqana.
  1958 | D:4      | Noticed Dowan
  1960 | D:4      | Noticed Duvessa
  1975 | D:4      | Killed Duvessa
  1975 | D:4      | Reached skill level 5 in Long Blades
  1983 | D:4      | Killed Dowan
  1983 | D:4      | Reached XP level 7. HP: 34/59 MP: 10/10
  2158 | D:4      | Found a shadowy altar of Dithmenos.
  2166 | D:4      | Noticed Blork the orc
  2184 | D:4      | Killed Blork the orc
  2472 | D:5      | Entered Level 5 of the Dungeon
  2501 | D:5      | Found a sparkling altar of Nemelex Xobeh.
  2691 | D:5      | Reached XP level 8. HP: 45/67 MP: 12/12
  2759 | D:5      | Found a sand-covered staircase.
  2811 | Ossuary  | Entered an ossuary
  3438 | D:5      | Reached XP level 9. HP: 71/72 MP: 14/14
  3673 | D:5      | Found an ancient bone altar of Kikubaaqudgha.
  3676 | D:5      | Found a bloodstained altar of Trog.
  3679 | D:5      | Found an ornate altar of the Wu Jian Council.
  3750 | D:6      | Found Zukhlutz's Jewellery Shoppe.
  3857 | D:6      | Found Quunosun's Armour Shoppe.
  3951 | D:6      | Noticed Eustachio
  3964 | D:6      | Killed Eustachio
  4105 | D:6      | Noticed Grinder
  4122 | D:6      | Killed Grinder
  4676 | D:6      | Found Vasynez's Distillery.
  4713 | D:6      | Found Liris's Magic Scroll Shoppe.
  4729 | D:6      | Found Raerph Xudghi's Magic Scroll Shop.
  5193 | D:7      | Reached skill level 5 in Invocations
  5514 | D:7      | Found a staircase to the Ecumenical Temple.
  5533 | Temple   | Entered the Ecumenical Temple
  6622 | D:8      | Reached XP level 10. HP: 67/80 MP: 17/17
  6790 | D:8      | Found a sacrificial altar of Ru.
  7667 | D:9      | Reached skill level 5 in Short Blades
  7667 | D:9      | Reached skill level 5 in Axes
  7667 | D:9      | Reached skill level 5 in Maces & Flails
  7667 | D:9      | Reached skill level 5 in Polearms
  7667 | D:9      | Reached skill level 5 in Staves
  7667 | D:9      | Reached skill level 5 in Slings
  7667 | D:9      | Reached skill level 5 in Bows
  7667 | D:9      | Reached skill level 5 in Crossbows
  7667 | D:9      | Reached skill level 5 in Throwing
  7667 | D:9      | Reached skill level 5 in Dodging
  7667 | D:9      | Reached skill level 5 in Stealth
  7667 | D:9      | Reached skill level 5 in Unarmed Combat
  7667 | D:9      | Reached skill level 5 in Spellcasting
  7667 | D:9      | Reached skill level 5 in Evocations
  8142 | D:9      | Got a translucent hand axe
  8143 | D:9      | Identified the +3 hand axe of Makhleb's Hope {elec, +Rage
                  | rC+ Int+4 Dex-5} (You found it on level 9 of the Dungeon)
  8353 | D:10     | Entered Level 10 of the Dungeon
  8806 | D:3      | Found an iron altar of Okawaru.
  8813 | D:3      | Became a worshipper of Warmaster Okawaru
  9390 | D:10     | Found a staircase to the Lair.
  9439 | D:10     | Reached * piety under Okawaru
  9449 | D:10     | Reached XP level 11. HP: 47/87 MP: 19/19
  9503 | D:10     | HP: 4/87 [troll (3)]
  9503 | D:10     | HP: 1/87 [troll (3)]
  9504 | D:10     | Mangled by a troll

Levels and vault maps discovered:
D:1:      sevenhm_arrival_forest_fort_large_2, layout_rooms,
          serial_corexii_hall, chequers_hall_statues_wall_a,
          chequers_hall_statues_wall_a, minmay_hexomino_r4
D:2:      layout_rooms, gammafunk_temple_overflow_wave, led_sif_pool,
          uniq_robin, uniq_crazy_yiuf_cottage, uniq_sigmund
D:3:      layout_loops_ring, grunt_gozag_statues, nicolae_overflow_crystal_walls
D:4:      layout_loops_corners, marbit_many_paths, lemuel_round_altar,
          first_ration, grunt_ministairs_1, uniq_blork_the_orc, uniq_duvessa
D:5:      layout_basic, old_standard_altar, grunt_temple_overflow_diamond,
          lightli_ossuary_entry_decrepit_ruins
D:6:      layout_layer_cave, serial_shops, shop_scrolls, shop_coins, shop,
          shop_scrolls, nicolae_shop_temple_entry_statues_fountains,
          uniq_grinder, uniq_eustachio
D:7:      layout_cave_pools, minmay_temple_entry_arrows
D:8:      layout_basic, lemuel_coloured_pillars_altar
D:9:      layout_long_grid, minmay_puff
D:10:     layout_roguey, minmay_lair_entry_grove, hangedman_stone_soup,
          minivault_29
Temple:   jpeg_temple_alley_garden

Skill      XL: |  1  2  3  4  5  6  7  8  9 10 |
---------------+-------------------------------+-----
Invocations    | 1 2 3 4 5 6 |  6.3
Short Blades   | 1 2 3 4 5 |  5.7
Axes           | 1 2 3 4 5 |  5.7
Maces & Flails | 1 2 3 4 5 |  5.7
Polearms       | 1 2 3 4 5 |  5.7
Staves         | 1 2 3 4 5 |  5.7
Slings         | 1 2 3 4 5 |  5.7
Bows           | 1 2 3 4 5 |  5.7
Crossbows      | 1 2 3 4 5 |  5.7
Throwing       | 1 2 3 4 5 |  5.7
Dodging        | 1 2 3 4 5 |  5.7
Stealth        | 1 2 3 4 5 |  5.7
Unarmed Combat | 1 2 3 4 5 |  5.7
Spellcasting   | 1 2 3 4 5 |  5.7
Evocations     | 1 2 3 4 5 |  5.7
Conjurations   | 1 2 3 4 |  4.7
Hexes          | 1 2 3 4 |  4.7
Charms         | 1 2 3 4 |  4.7
Summonings     | 1 2 3 4 |  4.7
Necromancy     | 1 2 3 4 |  4.7
Translocations | 1 2 3 4 |  4.7
Transmutations | 1 2 3 4 |  4.7
Fire Magic     | 1 2 3 4 |  4.7
Ice Magic      | 1 2 3 4 |  4.7
Air Magic      | 1 2 3 4 |  4.7
Earth Magic    | 1 2 3 4 |  4.7
Poison Magic   | 1 2 3 4 |  4.7
Long Blades    | 5 6 7 |  7.4
Fighting       | 7 8 |  8.8
Armour         | 7 8 |  8.8
Shields        | 7 8 |  8.8

Action                   |  1- 3 |  4- 6 |  7- 9 | 10-12 || total
-------------------------+-------+-------+-------+-------++-------
Melee: Long sword        |    45 |   187 |       |       ||   232
       Bite              |     8 |    32 |   105 |    58 ||   203
       Rapier            |       |       |   635 |   185 ||   820
       Hand axe          |       |       |       |   191 ||   191
       War axe           |       |       |       |    15 ||    15
Throw: Dart              |       |       |     2 |     6 ||     8
  Use: Potion            |       |     1 |     1 |       ||     2
       Scroll            |       |       |    11 |     4 ||    15
  Eat: Chunk             |       |     3 |     6 |     7 ||    16
       Ration            |       |       |     3 |     1 ||     4
Armor: Scale mail        |    14 |       |       |       ||    14
       Chain mail        |     6 |    25 |   233 |   128 ||   392
       Plate armour      |       |    74 |       |       ||    74
Dodge: Dodged            |    12 |    41 |   164 |   116 ||   333
Block: Shield            |    37 |   143 |   307 |   216 ||   703
       Rpst.: Long sword |     4 |    13 |       |       ||    17
